 Dungeon Crawl Stone Soup version 0.27.1-34-g3ba077fa99 (webtiles) character file.

Game seed: 6057577352719177764

91 Spawny the Shield-Bearer (level 4, -1/42 (55) HPs)
             Began as a Formicid Fighter on Jan 17, 2022.
             Slain by a kobold (3 damage)
             ... on level 2 of the Dungeon.
             The game lasted 00:05:26 (2169 turns).

Spawny the Shield-Bearer (Formicid Fighter)         Turns: 2169, Time: 00:05:26

HP:   -1/42 (55)    AC: 22    Str: 22    XL:     4   Next: 87%
MP:   4/4           EV:  2    Int:  7    God:
Gold: 81            SH:  9    Dex: 10    Spells: 3/3 levels left

rFire    . . .     SeeInvis .   a - +0 war axe
rCold    . . .     Faith    .   c - +0 kite shield
rNeg     + + +     Spirit   .   (armour currently unavailable)
rPois    +         Reflect  .   (helmet unavailable)
rElec    .         Harm     .   (cloak currently unavailable)
rCorr    .         Rampage  .   (gloves currently unavailable)
Will     .....                  (boots currently unavailable)
Stlth    +.........             (no amulet)
HPRegen  0.14/turn              (no ring)
MPRegen  0.09/turn              (no ring)

@: mighty, lethally poisoned (-1 -> -3), tree-form, attractive, heavily drained
A: stationary, stasis, torment immunity, boosted hp, permanent stasis, dig
shafts and tunnels, (antennae 3), four strong arms
a: no special abilities


You were on level 2 of the Dungeon.
You were a tree.
You visited 1 branch of the dungeon, and saw 2 of its levels.

You collected 81 gold pieces.

Inventory:

Hand Weapons
 a - a +0 war axe (weapon)
Armour
 b - a +0 scale mail (melded)
 c - a +0 kite shield (worn)
Jewellery
 j - a +4 ring of protection
Scrolls
 h - a scroll of blinking {unknown}
 i - a scroll of identify {unknown}
 k - 3 scrolls of magic mapping {unknown}
Potions
 e - a potion of haste


   Skills:
 + Level 4.0 Fighting
 + Level 2.9 Axes
 + Level 4.0 Armour
 + Level 4.4 Shields


You had 3 spell levels left.
You didn't know any spells.
Your spell library was empty.

Dungeon Overview and Level Annotations

Branches:
Dungeon (2/15)

Altars:


Innate Abilities, Weirdness & Mutations

You are a tree.
Your roots penetrate the ground, keeping you stationary.
You cannot be teleported.
You are immune to unholy pain and torment.
Your maximum health is greatly increased.
Your equipment is partially melded.
You cannot be hasted, slowed, berserked, paralysed or teleported.
You can dig through walls and to a lower floor.
((You have a pair of large antennae on your head. (SInv)))
Your four strong arms can wield two-handed weapons with a shield.


Message History

The adder bites you.
You are more poisoned.
The adder poisons you! You block the kobold's attack.
You miss the adder. You hit the kobold but do no damage.
You feel very sick. You block the adder's attack.
You block the kobold's attack. The adder bites you.
You are lethally poisoned!
The adder poisons you!
You are too injured to fight recklessly!
You are too injured to fight recklessly!
You are too injured to fight recklessly!
Unknown command.
You are too injured to fight recklessly!
You feel very sick.
* * * LOW HITPOINT WARNING * * *
You feel very sick.
The kobold throws a stone.
The stone hits you but does no damage.
* * * LOW HITPOINT WARNING * * *
You feel sick.
It was a potion of haste.
Your stasis prevents you from being hasted.
* * * LOW HITPOINT WARNING * * *
You feel sick. You block the kobold's attack.
You feel very mighty all of a sudden.
* * * LOW HITPOINT WARNING * * *
You feel sick. The kobold closely misses you.
It was a potion of lignification.
You turn into a tree.
Your +0 scale mail melds into your body.
Your roots penetrate the ground.
* * * LOW HITPOINT WARNING * * *
You feel sick. The kobold hits you but does no damage.
It was a potion of attraction.
You feel attractive to monsters.
* * * LOW HITPOINT WARNING * * *
You feel sick. The kobold hits you but does no damage.
Sorry, you're not good enough to have a special ability.
* * * LOW HITPOINT WARNING * * *
You feel sick. The kobold hits you with a +0 dagger.
You die...

#### # ..... ##
......######## #.
.......♣KSS..## #.
...###.###.#..#########.
###S).#............
#.###............ ...
#..........### #.#S
##.........# # #!(
#.........# # ##
#..####.### # ....# #..#
##


You could see an adder, a ball python and a kobold.

Vanquished Creatures
  A gnoll (D:1)
  An adder (D:2)
  A dart slug (D:1)
  A ball python (D:2)
  4 bats (D:1)
  5 endoplasms
  4 giant cockroaches
  6 goblins
  7 hobgoblins
  8 jackals
  A quokka (D:1)
  9 frilled lizards (D:1)
  6 kobolds
  10 rats
64 creatures vanquished.

Vanquished Creatures (others)
  A withered plant (D:1)
1 creature vanquished.

Grand Total: 65 creatures vanquished

Notes
Turn   | Place    | Note
-------+----------+-------------------------------------------
     0 | D:1      | Spawny the Formicid Fighter began the quest for the Orb.
     0 | D:1      | Reached XP level 1. HP: 18/18 MP: 1/1
   116 | D:1      | Reached XP level 2. HP: 20/24 MP: 2/2
   374 | D:1      | Reached XP level 3. HP: 27/29 MP: 3/3
   941 | D:1      | Found a faded altar of an unknown god.
  1402 | D:1      | Reached XP level 4. HP: 29/37 MP: 4/4
  2169 | D:2      | HP: 2/42 [poisoned by an adder]
  2169 | D:2      | Slain by a kobold

Illustrated notes

Levels and vault maps discovered:
D:1:      elethiomel_arrival_infinity_welcomes_careful_drivers, layout_rooms,
          shapermc_ecumenical_altar_flowoftime, minmay_lizard_pond
D:2:      layout_basic, serial_shops, shop, kennysheep_minor_cross,
          minmay_misc_feat_rows, minmay_indecisive_spiral

Skill      XL: |  1  2  3  4 |
---------------+-------------+-----
Shields        | 4 |  4.4
Fighting       | 4 |  4.0
Armour         | 4 |  4.0
Axes           | |  2.9

Action                   |  1- 3 |  4- 6 || total
-------------------------+-------+-------++-------
Melee: War axe           |    95 |    64 ||   159
  Use: Potion            |       |     4 ||     4
Armor: Scale mail        |    83 |    21 ||   104
       Skin              |       |     2 ||     2
Dodge: Dodged            |    70 |    25 ||    95
Block: Kite shield       |    96 |    36 ||   132
